 Dungeon Crawl Stone Soup version 0.28-a0-828-g0121872642 (webtiles) character file.

Game seed: 16145324626703281111

4 ytrimaz the Skirmisher (level 1, 0/19 HPs)
             Began as a Palentonga Fighter on Nov 10, 2021.
             Slain by a bat (1 damage)
             ... on level 1 of the Dungeon.
             The game lasted 00:00:37 (45 turns).

ytrimaz the Skirmisher (Palentonga Fighter)           Turns: 45, Time: 00:00:41

Health: 0/19       AC:  6    Str: 19    XL:     1   Next: 58%
Magic:  1/1        EV:  7    Int:  8    God:
Gold:   0          SH:  4    Dex:  9    Spells: 0/0 levels left

rFire   . . .      SeeInvis +   a - +0 rapier
rCold   . . .      Faith    .   c - +0 buckler
rNeg    . . .      Spirit   .   b - +0 scale mail
rPois   .          Reflect  .   (no helmet)
rElec   .          Harm     .   (no cloak)
rCorr   .          Rampage  .   (no gloves)
Will    .....                   (no barding)
Stlth   ..........              (no amulet)
HPRegen 0.06/turn               (no ring)
MPRegen 0.07/turn               (no ring)

@: no status effects
A: large, rugged brown scales 3, see invisible, deformed body, roll 1, armoured
tail
a: Rolling Charge


You were on level 1 of the Dungeon.
You visited 1 branch of the dungeon, and saw 1 of its levels.

Inventory:

Hand Weapons
 a - a +0 rapier (weapon)
Armour
 b - a +0 scale mail (worn)
 c - a +0 buckler (worn)
Potions
 d - a potion of might


   Skills:
 + Level 3.1 Fighting
 * Level 2.1 Short Blades
 + Level 2.5 Armour
 - Level 2.4 Shields


You couldn't memorise any spells.
You didn't know any spells.
Your spell library was empty.

Dungeon Overview and Level Annotations

Branches:
Dungeon (1/15)

Altars:


Innate Abilities, Weirdness & Mutations

You are completely covered in rugged brown scales. (AC +3, +7% HP)
You have supernaturally acute eyesight. (SInv)
Armour fits poorly on your strangely shaped body.
You can roll at nearby foes to attack.
You have a long armoured tail.


Message History

Aim: a kobold, wielding a +0 dagger You roll forward with a clatter of scales!
You hit the kobold.
You kill the kobold!
The quokka bites you. The bat barely misses you. The quokka bites you.
You hit the bat.
The bat is moderately wounded.
The bat hits you but does no damage. The quokka bites you.
* * * LOW HITPOINT WARNING * * *
The bat hits you but does no damage.
The quokka bites you but does no damage.
Things that are here:
a +0 dagger; a kobold corpse The bat hits you.
* * * LOW HITPOINT WARNING * * *
You closely miss the bat. The bat hits you but does no damage.
You block the quokka's attack. The quokka closely misses you.
The bat barely misses you. There's nothing you can charge at!
The bat hits you but does no damage.
Unknown command.
You aren't carrying any scrolls.
Okay, then.
A dart slug comes into view.
The bat hits you but does no damage.
The quokka twitches its whiskers.
You block the bat's attack. The dart slug launches a dart at you.
The slug dart hits you but does no damage.
The bat hits you but does no damage. The quokka bites you.
* * * LOW HITPOINT WARNING * * *
The bat hits you but does no damage.
Roll where?
Press: ? - help, Dir - move target, f - dart slug
Aim: a dart slug You roll forward with a clatter of scales!
You impale the dart slug!!
You kill the dart slug!
The bat hits you.
You die...

...............##
#..............#
#.....[........#
#..............# #
#).............# ..#
#..............##...#
##.......$...........
##...........$.#...#
###....b@.....#.. #
###r.○☼....(.....
#...○........#...#
#.............#...#
.......≈≈≈.≈≈≈..#####
#......≈≈.....≈≈..##
#.....≈≈....8..≈≈..#
#....≈≈.........≈≈.#
#....≈.....♣.....≈.#


You could see a quokka and a bat.

Vanquished Creatures
  2 dart slugs (D:1)
  A kobold (D:1)
  A bat (D:1)
4 creatures vanquished.

Notes
Turn   | Place    | Note
-------+----------+-------------------------------------------
     0 | D:1      | ytrimaz the Palentonga Fighter began the quest for the Orb.
     0 | D:1      | Reached XP level 1. HP: 19/19 MP: 1/1
    45 | D:1      | Slain by a bat

Illustrated notes

Levels and vault maps discovered:
D:1:      moated_graveyard_arrival, layout_rooms, hangedman_decor_points

Action                   || total
-------------------------++-------
Melee: Rapier            ||    22
       Tailslap          ||     1
 Abil: Rolling Charge    ||    15
Armor: Scale mail        ||    46
Dodge: Dodged            ||    24
Block: Buckler           ||    13

Table legend: (Time is in decaauts)
 A = Elapsed time spent in this place.
 B = Non-inter-level travel time spent in this place.
 C = Inter-level travel time spent in this place.
 D = Time resting spent in this place.
 E = Time spent auto-exploring this place.
 F = Levels seen in this place.
 G = Mean time per level.
                   A        B        C        D        E       F      G
               +--------+--------+--------+--------+--------+-----+--------+
         Total |     47 |     47 |      0 |      0 |      4 |   1 |   47.0 |
       Dungeon |     47 |     47 |      0 |      0 |      4 |   1 |   47.0 |
               +--------+--------+--------+--------+--------+-----+--------+

Top non-repeatable levels by time:
     D:1: 47 daAuts
